| TOP OF THE 1ST |
|
Atlanta Braves batting - Pitching for Arizona Diamondbacks : RHP Miguel Martinez
|
|
Pitching: RHP Miguel Martinez
|
|
|
Batting: LHB Colin Worthington
|
0-0: Called Strike 0-1: Called Strike 0-2: Foul Ball, location: 2F 0-2: SINGLE (Flyball, 56D, EV 92.5 MPH)
|
|
Batting: RHB Danny Miramontes
|
0-0: Swinging Strike 0-1: Ball 1-1: SINGLE (Groundball, 4MD, EV 98.8 MPH) Colin Worthington to second
|
|
Batting: LHB Tom Best
|
0-0: Called Strike 0-1: Ball 1-1: Ball 2-1: Grounds into double play, 4-6-3 (Groundball, 4, EV 81.9 MPH) Colin Worthington to third
|
|
Batting: RHB Butch Kaiser
|
0-0: Called Strike 0-1: Ball 1-1: Fly out, F7 (Flyball, 7, EV 83.1 MPH)
|
| Top of the 1st over - 0 runs, 2 hits, 0 errors, 1 left on base; Atlanta 0 - Arizona 0 |
| BOTTOM OF THE 1ST |
|
Arizona Diamondbacks batting - Pitching for Atlanta Braves : RHP Pimbly Nimblebottom
|
|
Pitching: RHP Pimbly Nimblebottom
|
|
|
Batting: RHB David Price Jr.
|
0-0: Called Strike 0-1: Ball 1-1: Foul Ball, location: 2F 1-2: Ball 2-2: Foul Ball, location: 2F 2-2: Ball 3-2: Fly out, F9 (Flyball, 89M, EV 91.9 MPH)
|
|
Batting: RHB Shiro Suehiro
|
0-0: Ball 1-0: Ball 2-0: Ball 3-0: Base on Balls
|
|
Batting: LHB Eric Klasek
|
0-0: Called Strike 0-1: Ball Shiro Suehiro steals 2nd base (no throw) 1-1: DOUBLE (Line Drive, 78XD, EV 105.0 MPH) Shiro Suehiro scores
|
|
Batting: SHB Alec Thorpe
|
0-0: Ball Eric Klasek steals 3rd base 1-0: Ball 2-0: Ball 3-0: Called Strike 3-1: Called Strike 3-2: Ground out 4-3 (Groundball, 4, EV 81.9 MPH) Eric Klasek scores
|
|
Batting: SHB Troy McClure
|
0-0: Ball 1-0: DOUBLE (Line Drive, 89D, EV 103.1 MPH)
|
|
Batting: LHB Danny Dunham
|
0-0: Swinging Strike 0-1: Fly out, F9 (Flyball, 9, EV 85.0 MPH)
|
| Bottom of the 1st over - 2 runs, 2 hits, 0 errors, 1 left on base; Atlanta 0 - Arizona 2 |
| TOP OF THE 2ND |
|
Atlanta Braves batting - Pitching for Arizona Diamondbacks : RHP Miguel Martinez
|
|
Batting: LHB Seth Cook
|
0-0: Fly out, F7 (Line Drive, 7, EV 94.4 MPH)
|
|
Batting: RHB Danny Anderson
|
0-0: Ball 1-0: Ground out 5-3 (Groundball, 5, EV 91.9 MPH)
|
|
Batting: RHB Liangde Li
|
0-0: SINGLE (Groundball, 56D, EV 98.1 MPH)
|
|
Batting: RHB Kanehisa Kubo
|
0-0: Ball 1-0: Called Strike 1-1: Ball 2-1: Ball 3-1: Swinging Strike 3-2: Fly out, F7 (Flyball, 78XD, EV 99.4 MPH)
|
| Top of the 2nd over - 0 runs, 1 hit, 0 errors, 1 left on base; Atlanta 0 - Arizona 2 |
| BOTTOM OF THE 2ND |
|
Arizona Diamondbacks batting - Pitching for Atlanta Braves : RHP Pimbly Nimblebottom
|
|
Batting: SHB Perry Tuckfard
|
0-0: SOLO HOME RUN (Flyball, 89XD, EV 101.3 MPH), Distance : 388 ft
|
|
Batting: RHB Blake Ballard
|
0-0: Swinging Strike 0-1: Ball 1-1: Called Strike 1-2: Foul Ball, location: 2F 1-2: Foul Ball, location: 2F 1-2: Strikes out swinging
|
|
Batting: LHB Kyle Beaulieu
|
0-0: Called Strike 0-1: Swinging Strike 0-2: Strikes out swinging
|
|
Batting: RHB David Price Jr.
|
0-0: Called Strike 0-1: Foul Ball, location: 2F 0-2: Ball 1-2: Ball 2-2: Foul Ball, location: 2F 2-2: Foul Ball, location: 2F 2-2: SINGLE (Groundball, 56D, EV 95.6 MPH)
|
|
Batting: RHB Shiro Suehiro
|
0-0: Called Strike 0-1: Ball 1-1: Ball 2-1: Ground out 4-3 (Groundball, 4, EV 101.9 MPH)
|
| Bottom of the 2nd over - 1 run, 2 hits, 0 errors, 1 left on base; Atlanta 0 - Arizona 3 |
| TOP OF THE 3RD |
|
Atlanta Braves batting - Pitching for Arizona Diamondbacks : RHP Miguel Martinez
|
|
Batting: RHB Itsuo Egami
|
0-0: Swinging Strike 0-1: Foul Ball, location: 2F 0-2: Strikes out looking
|
|
Batting: LHB Colin Worthington
|
0-0: SINGLE (Groundball, 4M, EV 103.1 MPH) (infield hit)
|
|
Batting: RHB Danny Miramontes
|
0-0: Called Strike 0-1: Ball 1-1: Ball 2-1: Ground out 4-3 (Groundball, 34, EV 97.5 MPH) Colin Worthington to second
|
|
Batting: LHB Tom Best
|
0-0: Ball 1-0: Ball 2-0: 2-RUN HOME RUN (Flyball, 78XD, EV 99.4 MPH), Distance : 410 ft
|
|
Batting: RHB Butch Kaiser
|
0-0: Called Strike 0-1: Ball 1-1: Ground out 3-1 (Groundball, 34, EV 88.1 MPH)
|
| Top of the 3rd over - 2 runs, 2 hits, 0 errors, 0 left on base; Atlanta 2 - Arizona 3 |
| BOTTOM OF THE 3RD |
|
Arizona Diamondbacks batting - Pitching for Atlanta Braves : RHP Pimbly Nimblebottom
|
|
Batting: LHB Eric Klasek
|
0-0: Ball 1-0: Ball 2-0: Called Strike 2-1: Foul Ball, location: 2F 2-2: Fly out, F8 (Flyball, 8LM, EV 76.3 MPH)
|
|
Batting: SHB Alec Thorpe
|
0-0: Ball 1-0: Called Strike 1-1: Ball 2-1: Ball 3-1: Base on Balls
|
|
Batting: SHB Troy McClure
|
0-0: Ball 1-0: Ball 2-0: Ball 3-0: Foul Ball, location: 2F 3-1: Base on Balls Alec Thorpe to second
|
|
Batting: LHB Danny Dunham
|
0-0: Swinging Strike 0-1: Ball Passed Ball! Alec Thorpe to third Troy McClure to second 1-1: Ball 2-1: SINGLE (Line Drive, 89S, EV 109.4 MPH) Alec Thorpe scores Troy McClure to third Runner from 3rd tries for Home, SAFE, throw by RF to home
|
|
Pitching: RHP Corey Larimer
|
|
|
Batting: SHB Perry Tuckfard
|
0-0: Fielders Choice at 2nd, 3-6 (Groundball, 3, EV 100.6 MPH)
|
|
Batting: RHB Blake Ballard
|
0-0: Ball Perry Tuckfard is caught stealing 2nd base 2-4
|
| Bottom of the 3rd over - 2 runs, 1 hit, 0 errors, 0 left on base; Atlanta 2 - Arizona 5 |
| TOP OF THE 4TH |
|
Atlanta Braves batting - Pitching for Arizona Diamondbacks : RHP Miguel Martinez
|
|
Batting: LHB Seth Cook
|
0-0: Foul Ball, location: 2F 0-1: Fly out, F4 (Line Drive, 4, EV 66.9 MPH)
|
|
Batting: RHB Danny Anderson
|
0-0: Ball 1-0: Foul Ball, location: 2F 1-1: Fly out, F9 (Flyball, 89D, EV 91.3 MPH)
|
|
Batting: RHB Liangde Li
|
0-0: Ball 1-0: Foul Ball, location: 2F 1-1: Foul Ball, location: 2F 1-2: Foul Ball, location: 2F 1-2: Ball 2-2: Foul Ball, location: 2F 2-2: Foul Ball, location: 2F 2-2: Foul Ball, location: 2F 2-2: SINGLE (Groundball, 34D, EV 98.8 MPH)
|
|
Batting: RHB Kanehisa Kubo
|
0-0: Ball 1-0: Swinging Strike 1-1: Foul Ball, location: 2F 1-2: Fly out, F9 (Flyball, 89M, EV 85.6 MPH)
|
| Top of the 4th over - 0 runs, 1 hit, 0 errors, 1 left on base; Atlanta 2 - Arizona 5 |
| BOTTOM OF THE 4TH |
|
Arizona Diamondbacks batting - Pitching for Atlanta Braves : RHP Corey Larimer
|
|
Batting: RHB Blake Ballard
|
0-0: Called Strike 0-1: Ball 1-1: SINGLE (Groundball, 56D, EV 101.9 MPH)
|
|
Batting: LHB Kyle Beaulieu
|
0-0: Ball 1-0: Ball 2-0: Foul Ball, location: 2F 2-1: Foul Ball, location: 2F 2-2: Grounds into double play, U6-3 (Groundball, 4M, EV 90.6 MPH)
|
|
Batting: RHB David Price Jr.
|
0-0: Called Strike 0-1: Ball 1-1: Foul Ball, location: 2F 1-2: Ball 2-2: Ball 3-2: Base on Balls
|
|
Batting: RHB Shiro Suehiro
|
0-0: Ball 1-0: Swinging Strike 1-1: Called Strike 1-2: Ground out 5-3 (Groundball, 56, EV 82.5 MPH)
|
| Bottom of the 4th over - 0 runs, 1 hit, 0 errors, 1 left on base; Atlanta 2 - Arizona 5 |
| TOP OF THE 5TH |
|
Atlanta Braves batting - Pitching for Arizona Diamondbacks : RHP Miguel Martinez
|
|
Batting: RHB Itsuo Egami
|
0-0: SINGLE (Flyball, 8RS, EV 98.1 MPH)
|
|
Batting: LHB Colin Worthington
|
0-0: Ball 1-0: Called Strike 1-1: Ball Itsuo Egami is caught stealing 2nd base 2-6 2-1: Ball 3-1: Ground out 4-3 (Groundball, 4MS, EV 71.9 MPH)
|
|
Batting: RHB Danny Miramontes
|
0-0: Foul Ball, location: 2F 0-1: Ball 1-1: DOUBLE (Line Drive, 7LM, EV 106.3 MPH)
|
|
Batting: LHB Tom Best
|
0-0: Ball 1-0: Foul Ball, location: 2F 1-1: Ball 2-1: SINGLE (Groundball, 56, EV 91.3 MPH) (infield hit) Danny Miramontes to third
|
|
Batting: RHB Butch Kaiser
|
0-0: Called Strike 0-1: Ball 1-1: Swinging Strike 1-2: Strikes out swinging
|
| Top of the 5th over - 0 runs, 3 hits, 0 errors, 2 left on base; Atlanta 2 - Arizona 5 |
| BOTTOM OF THE 5TH |
|
Arizona Diamondbacks batting - Pitching for Atlanta Braves : RHP Corey Larimer
|
|
Batting: LHB Eric Klasek
|
0-0: Ball 1-0: Foul Ball, location: 2F 1-1: Ball 2-1: Ball 3-1: Foul Ball, location: 2F 3-2: Base on Balls
|
|
Batting: SHB Alec Thorpe
|
0-0: Ball 1-0: Ball 2-0: Fly out, F7 (Flyball, 78S, EV 91.3 MPH)
|
|
Batting: SHB Troy McClure
|
0-0: Ball 1-0: SINGLE (Groundball, 34S, EV 73.8 MPH) (infield hit) Eric Klasek to second
|
|
Batting: LHB Danny Dunham
|
0-0: Ball 1-0: SINGLE (Groundball, 6MD, EV 99.4 MPH) Eric Klasek to third Troy McClure to second
|
|
Batting: SHB Perry Tuckfard
|
0-0: Called Strike 0-1: Foul Ball, location: 2F 0-2: Ball 1-2: Strikes out swinging
|
|
Batting: RHB Blake Ballard
|
0-0: Foul Ball, location: 2F 0-1: Ball 1-1: Ball 2-1: SINGLE (Line Drive, 8LS, EV 104.4 MPH) Eric Klasek scores Troy McClure to third Danny Dunham to second Runner from 3rd tries for Home, SAFE, throw by CF to home
|
|
Batting: LHB Kyle Beaulieu
|
0-0: Called Strike 0-1: Swinging Strike 0-2: Ground out 4-3 (Groundball, 34, EV 106.3 MPH)
|
| Bottom of the 5th over - 2 runs, 3 hits, 0 errors, 2 left on base; Atlanta 2 - Arizona 7 |
| TOP OF THE 6TH |
|
Atlanta Braves batting - Pitching for Arizona Diamondbacks : RHP Miguel Martinez
|
|
Batting: LHB Seth Cook
|
0-0: Fly out, F7 (Line Drive, 7D, EV 96.3 MPH)
|
|
Batting: RHB Danny Anderson
|
0-0: Fly out, F8 (Flyball, 8LM, EV 83.8 MPH)
|
|
Batting: RHB Liangde Li
|
0-0: Ball 1-0: Ball 2-0: Ball 3-0: Foul Ball, location: 2F 3-1: Foul Ball, location: 2F 3-2: Foul Ball, location: 2F 3-2: Ground out 6-3 (Groundball, 6S, EV 63.8 MPH)
|
| Top of the 6th over - 0 runs, 0 hits, 0 errors, 0 left on base; Atlanta 2 - Arizona 7 |
| BOTTOM OF THE 6TH |
|
Arizona Diamondbacks batting - Pitching for Atlanta Braves : RHP Corey Larimer
|
|
Batting: RHB David Price Jr.
|
0-0: Ball 1-0: Ground out 6-3 (Groundball, 6, EV 85.6 MPH)
|
|
Batting: RHB Shiro Suehiro
|
0-0: Ball 1-0: SINGLE (Groundball, 5S, EV 70.6 MPH) (infield hit)
|
|
Batting: LHB Eric Klasek
|
0-0: Foul Ball, location: 2F 0-1: Ball 1-1: Swinging Strike 1-2: Strikes out swinging
|
|
Batting: SHB Alec Thorpe
|
0-0: Ball 1-0: Foul Ball, location: 2F 1-1: DOUBLE (Line Drive, 9LS, EV 93.8 MPH) Shiro Suehiro to third Runner from 3rd tries for Home, SAFE, no throw by RF
|
|
Batting: SHB Troy McClure
|
0-0: Called Strike 0-1: Foul Ball, location: 2F 0-2: Ball 1-2: Strikes out swinging
|
| Bottom of the 6th over - 1 run, 2 hits, 0 errors, 1 left on base; Atlanta 2 - Arizona 8 |
| TOP OF THE 7TH |
|
Atlanta Braves batting - Pitching for Arizona Diamondbacks : RHP Miguel Martinez
|
|
Batting: RHB Kanehisa Kubo
|
0-0: Foul Ball, location: 2F 0-1: Ground out U3 (Groundball, 3, EV 108.1 MPH)
|
|
Batting: RHB Itsuo Egami
|
0-0: Called Strike 0-1: Ball 1-1: DOUBLE (Flyball, 89XD, EV 106.9 MPH)
|
|
Batting: LHB Colin Worthington
|
0-0: Called Strike 0-1: Ball 1-1: Ball 2-1: SINGLE (Groundball, 6M, EV 107.5 MPH) (infield hit) Itsuo Egami to third
|
|
Batting: RHB Danny Miramontes
|
0-0: Grounds into double play, 4-6-3 (Groundball, 34, EV 85.0 MPH)
|
| Top of the 7th over - 0 runs, 2 hits, 0 errors, 1 left on base; Atlanta 2 - Arizona 8 |
| BOTTOM OF THE 7TH |
|
Arizona Diamondbacks batting - Pitching for Atlanta Braves : RHP Corey Larimer
|
|
Batting: LHB Danny Dunham
|
0-0: Ball 1-0: Called Strike 1-1: Ball 2-1: Foul Ball, location: 2F 2-2: SOLO HOME RUN (Line Drive, 78XD, EV 111.9 MPH), Distance : 424 ft
|
|
Pitching: RHP Victor Munoz
|
|
|
Batting: SHB Perry Tuckfard
|
0-0: Called Strike 0-1: Foul Ball, location: 2F 0-2: Ball 1-2: Ball 2-2: Ground out 4-3 (Groundball, 34D, EV 99.4 MPH)
|
|
Batting: RHB Blake Ballard
|
0-0: Ball 1-0: Called Strike 1-1: Foul Ball, location: 2F 1-2: Fly out, F8 (Flyball, 8RM, EV 93.1 MPH)
|
|
Pinch Hitting: SHB Valentin Laporte
|
0-0: Foul Ball, location: 2F 0-1: Ball 1-1: Called Strike 1-2: Strikes out looking
|
| Bottom of the 7th over - 1 run, 1 hit, 0 errors, 0 left on base; Atlanta 2 - Arizona 9 |
| TOP OF THE 8TH |
|
Atlanta Braves batting - Pitching for Arizona Diamondbacks : RHP Miguel Martinez
|
|
Now at 1B: Fabrice Bertin
|
|
|
Now at 2B: Valentin Laporte
|
|
|
Batting: LHB Tom Best
|
0-0: Called Strike 0-1: Fly out, F4 (Line Drive, 4, EV 70.0 MPH)
|
|
Batting: RHB Butch Kaiser
|
0-0: Ball 1-0: Ball 2-0: Fly out, F9 (Line Drive, 9D, EV 98.1 MPH)
|
|
Batting: LHB Seth Cook
|
0-0: Swinging Strike 0-1: Foul Ball, location: 2F 0-2: Foul Ball, location: 2F 0-2: Foul Ball, location: 2F 0-2: Hit by Pitch
|
|
Pitching: LHP Mario Valdivia
|
|
|
Batting: RHB Danny Anderson
|
0-0: Ball 1-0: 2-RUN HOME RUN (Flyball, 7D, EV 94.4 MPH), Distance : 373 ft
|
|
Batting: RHB Liangde Li
|
0-0: Called Strike 0-1: Swinging Strike 0-2: Ball 1-2: Strikes out swinging
|
| Top of the 8th over - 2 runs, 1 hit, 0 errors, 0 left on base; Atlanta 4 - Arizona 9 |
| BOTTOM OF THE 8TH |
|
Arizona Diamondbacks batting - Pitching for Atlanta Braves : RHP Victor Munoz
|
|
Batting: RHB David Price Jr.
|
0-0: Fly out, F8 (Flyball, 78D, EV 103.8 MPH)
|
|
Batting: RHB Shiro Suehiro
|
0-0: Ball 1-0: Called Strike 1-1: Ball 2-1: SINGLE (Line Drive, 9S, EV 108.8 MPH)
|
|
Batting: LHB Eric Klasek
|
Pickoff Throw to First - Error! E1 Shiro Suehiro to second 0-0: Called Strike 0-1: Ball 1-1: Ball 2-1: Ball 3-1: Base on Balls
|
|
Batting: SHB Alec Thorpe
|
0-0: Called Strike 0-1: Foul Ball, location: 2F 0-2: Fly out, F9 (Flyball, 89S, EV 91.9 MPH)
|
|
Batting: SHB Troy McClure
|
0-0: Swinging Strike 0-1: Ball 1-1: Called Strike 1-2: Ball 2-2: Fly out, F7 (Flyball, 7D, EV 103.8 MPH)
|
| Bottom of the 8th over - 0 runs, 1 hit, 1 error, 2 left on base; Atlanta 4 - Arizona 9 |
| TOP OF THE 9TH |
|
Atlanta Braves batting - Pitching for Arizona Diamondbacks : LHP Mario Valdivia
|
|
Batting: RHB Kanehisa Kubo
|
0-0: Ball 1-0: Swinging Strike 1-1: SOLO HOME RUN (Flyball, 7D, EV 96.9 MPH), Distance : 366 ft
|
|
Batting: RHB Itsuo Egami
|
0-0: Called Strike 0-1: Ground out 6-3 (Groundball, 6, EV 107.5 MPH)
|
|
Batting: LHB Colin Worthington
|
0-0: TRIPLE (Flyball, 78XD, EV 100.6 MPH)
|
|
Batting: RHB Danny Miramontes
|
0-0: Foul Ball, location: 2F 0-1: Ball 1-1: SINGLE (Line Drive, 7S, EV 98.8 MPH) Colin Worthington scores
|
|
Pitching: RHP Gerardo Camacho
|
|
|
Batting: LHB Tom Best
|
0-0: Ball 1-0: Foul Ball, location: 2F 1-1: Fly out, F9 (Line Drive, 9D, EV 98.8 MPH)
|
|
Batting: RHB Butch Kaiser
|
0-0: SINGLE (Line Drive, 9S, EV 110.0 MPH) Danny Miramontes to second
|
|
Batting: LHB Seth Cook
|
0-0: Foul Ball, location: 2F 0-1: Ball 1-1: Foul Ball, location: 2F 1-2: Foul Ball, location: 2F 1-2: Ball 2-2: SINGLE (Line Drive, 34, EV 94.4 MPH) Danny Miramontes to third Butch Kaiser to second
|
|
Batting: RHB Danny Anderson
|
0-0: Foul Ball, location: 2F 0-1: Foul Ball, location: 2F 0-2: Ball 1-2: Strikes out looking
|
| Top of the 9th over - 2 runs, 5 hits, 0 errors, 3 left on base; Atlanta 6 - Arizona 9 |
|